 Dungeon Crawl Stone Soup version 0.28.0-43-g3370ac3207 (webtiles) character file.

Game seed: 5437024453587091734

2 Dirian the Shield-Bearer (level 1, 0/20 HPs)
             Began as a Minotaur Fighter on Mar 7, 2022.
             Slain by a hobgoblin (1 damage)
             ... on level 1 of the Dungeon.
             The game lasted 00:00:30 (34 turns).

Dirian the Shield-Bearer (Minotaur Fighter)           Turns: 34, Time: 00:00:30

Health: 0/20       AC:  6    Str: 20    XL:     1   Next: 33%
Magic:  0/0        EV:  9    Int:  5    God:
Gold:   0          SH:  4    Dex:  9    Spells: 0/0 levels left

rFire   . . .      SeeInvis .   a - +0 long sword
rCold   . . .      Faith    .   c - +0 buckler
rNeg    . . .      Spirit   .   b - +0 scale mail
rPois   .          Reflect  .   (helmet restricted)
rElec   .          Harm     .   (no cloak)
rCorr   .          Rampage  .   (no gloves)
Will    .....                   (no boots)
Stlth   ..........              (no amulet)
HPRegen 0.06/turn               (no ring)
MPRegen 0.07/turn               (no ring)

@: no status effects
A: horns 2, retaliatory headbutt
a: no special abilities


You were on level 1 of the Dungeon.
You visited 1 branch of the dungeon, and saw 1 of its levels.

Inventory:

Hand Weapons
 a - a +0 long sword (weapon)
Armour
 b - a +0 scale mail (worn)
 c - a +0 buckler (worn)
Potions
 d - a potion of might


   Skills:
 + Level 3.6 Fighting
 * Level 2.5 Long Blades
 + Level 3.6 Armour
 + Level 0.1 Dodging
 + Level 3.6 Shields


You couldn't memorise any spells.
You didn't know any spells.
Your spell library was empty.

Dungeon Overview and Level Annotations

Branches:
Dungeon (1/15)

Altars:


Innate Abilities, Weirdness & Mutations

You have a pair of horns on your head.
You reflexively headbutt those who attack you in melee.


Message History

The giant cockroach bites you but does no damage.
The goblin hits you but does no damage. The hobgoblin barely misses you.
You block the giant cockroach's attack.
You are too injured to fight recklessly!
You are too injured to fight recklessly!
You are too injured to fight recklessly!
You are too injured to fight recklessly!
You are too injured to fight recklessly!
You are too injured to fight recklessly!
You are too injured to fight recklessly!
You are too injured to fight recklessly!
You are too injured to fight recklessly!
You see here a quokka corpse.
You slash the giant cockroach!
You kill the giant cockroach!
You hit the goblin but do no damage. The hobgoblin barely misses you.
The goblin hits you but does no damage. The hobgoblin barely misses you.
You furiously retaliate!
You headbutt the hobgoblin, but do no damage.
You block the goblin's attack.
You hit the goblin but do no damage. Your headbutt misses the goblin.
The hobgoblin barely misses you.
The goblin hits you with a +3 dagger of freezing.
The goblin freezes you.
* * * LOW HITPOINT WARNING * * *
You hit the goblin.
The goblin is moderately wounded.
The hobgoblin hits you but does no damage.
The goblin hits you with a +3 dagger of freezing.
* * * LOW HITPOINT WARNING * * *
The goblin freezes you.
* * * LOW HITPOINT WARNING * * *
You closely miss the goblin.
The goblin is moderately wounded.
You block the hobgoblin's attack. The goblin hits you but does no damage.
The hobgoblin closely misses you. The goblin hits you but does no damage.
You slash the goblin!
You kill the goblin!
The hobgoblin hits you.
You die...

##.......#
###..#..#
######..#
##.......#
#.......##
#..######
#..######
#....)..##
##..@g...# #
######†.#
#.#.#
#.†##......
#..........
#......$...
#...####..##
#.### .# #.
..


You could see a hobgoblin.

Vanquished Creatures
  A giant cockroach (D:1)
  A goblin (D:1)
  A quokka (D:1)
3 creatures vanquished.

Notes
Turn   | Place    | Note
-------+----------+-------------------------------------------
     0 | D:1      | Dirian the Minotaur Fighter began the quest for the Orb.
     0 | D:1      | Reached XP level 1. HP: 19/19 MP: 0/0
    30 | D:1      | HP: 1/20 [goblin/+3 dagger of freezing (1)]
    34 | D:1      | Slain by a hobgoblin

Illustrated notes

Levels and vault maps discovered:
D:1:      minmay_arrival_wavy_path, layout_rooms,
          hellmonk_ecumenical_altar_prayer_group

Action                   || total
-------------------------++-------
Melee: Long sword        ||    10
       Headbutt          ||     1
Armor: Scale mail        ||     7
Dodge: Dodged            ||     9
Block: Buckler           ||     4
